 Dungeon Crawl Stone Soup version 0.29-a0-90-gc37658a0fe (webtiles) character file.

Game seed: 4283369720562835200

1 innerfire433 the Sneak (level 1, -7/13 HPs)
             Began as a Deep Elf Delver on Feb 6, 2022.
             Killed themself with a badly aimed iceblast (12 damage)
             ... on level 4 of the Dungeon.
             The game lasted 00:00:55 (334 turns).

innerfire433 the Sneak (Deep Elf Delver)             Turns: 334, Time: 00:00:56

Health: -7/13      AC:  3    Str:  9    XL:     1   Next: 16%
Magic:  3/3        EV: 12    Int: 14    God:
Gold:   0          SH:  0    Dex: 16    Spells: 0/0 levels left

rFire   . . .      SeeInvis .     - Unarmed
rCold   . . .      Faith    .   (no shield)
rNeg    . . .      Spirit   .   a - +0 leather armour
rPois   .          Reflect  .   (no helmet)
rElec   .          Harm     .   (no cloak)
rCorr   .          Rampage  .   (no gloves)
Will    .....                   (no boots)
Stlth   +++.......              (no amulet)
HPRegen 0.04/turn               (no ring)
MPRegen 0.08/turn               (no ring)

@: lethally poisoned (-7 -> -11)
A: no striking features
a: no special abilities


You were on level 4 of the Dungeon.
You visited 1 branch of the dungeon, and saw 2 of its levels.

Inventory:

Hand Weapons
 h - a +0 hunting sling
Armour
 a - a +0 leather armour (worn)
Jewellery
 g - a +4 ring of protection
Wands
 f - a wand of digging (3)
 i - a wand of iceblast (6)
Scrolls
 b - a scroll of fog
 c - a scroll of magic mapping
 d - a scroll of fear
Potions
 e - a potion of haste


   Skills:
 + Level 2.4 Fighting
 + Level 2.4 Dodging
 + Level 6.0 Stealth
 + Level 1.6 Unarmed Combat


You couldn't memorise any spells.
You didn't know any spells.
Your spell library was empty.

Dungeon Overview and Level Annotations

Branches:
Dungeon (5/15)             Temple (0/1) D:4

Altars:


Message History

h - a +0 hunting sling
There is a stone staircase leading up here.
A necrophage comes into view.
A necrophage is nearby!
You see here a quokka corpse.
There is an open door, spattered with blood here.
A necrophage is nearby!
There is an open door here.
The necrophage barely misses you.
There is a stone staircase leading up here.
The necrophage hits you.
You climb upwards.
The adder hisses angrily.
The hound barks!
Found a stone staircase leading up and a staircase to the Ecumenical Temple.
There is a stone staircase leading down here.
Found a tapered glass wand.
Found a lumpy purple potion.
The necrophage hits you but does no damage.
The adder barely misses you.
Found 2 metallic yellow potions.
The hound stops to sniff the ground.
The adder bites you.
You are poisoned.
The adder poisons you!
You feel sick.
You see here a wand of iceblast (6).
i - a wand of iceblast (6)
You feel sick. The adder bites you.
Aiming: Iceblast
Press: ? - help, Shift-Dir - straight line That beam is likely to hit you.
Continue anyway?
The mass of ice explodes!
The iceblast engulfs the adder!
You kill the adder!
The iceblast engulfs the hound!
The hound is almost dead.
The iceblast engulfs the necrophage!
The necrophage partially resists.
The necrophage is heavily damaged.
The iceblast engulfs you!
Ouch! That really hurt!
You die...

#.......##>##
#...........#
#.#.#.#.#.#.#
#...........#
#.#.......#.##.
#............!.
#.#...>...#..##
#.....h.n....#
#.#....@..#..#
#............#
#.#.#.#.#.#..#
#............#
########..!..#
######


You could see a necrophage and a hound.

Vanquished Creatures
  An adder (D:4)
  A quokka (D:5)
2 creatures vanquished.

Notes
Turn   | Place    | Note
-------+----------+-------------------------------------------
     0 | D:5      | innerfire433 the Deep Elf Delver began the quest for the
                  | Orb.
     0 | D:5      | Reached XP level 1. HP: 13/13 MP: 3/3
   254 | D:5      | Noticed an ice beast
   283 | D:5      | Noticed a necrophage
   324 | D:4      | Noticed a hound
   324 | D:4      | Found a staircase to the Ecumenical Temple.
   334 | D:4      | Killed themself with a badly aimed iceblast

Illustrated notes

Levels and vault maps discovered:
D:4:      layout_basic, grunt_gozag_statues, minmay_temple_entry_glass
D:5:      layout_loops_corners, grunt_dithmenos_shadows,
          mainiacjoe_overflow_alcove_1

Action                   || total
-------------------------++-------
Melee: Unarmed           ||    12
Armor: Leather armour    ||     7
Dodge: Dodged            ||     5

Table legend: (Time is in decaauts)
 A = Elapsed time spent in this place.
 B = Non-inter-level travel time spent in this place.
 C = Inter-level travel time spent in this place.
 D = Time resting spent in this place.
 E = Time spent auto-exploring this place.
 F = Levels seen in this place.
 G = Mean time per level.
                   A        B        C        D        E       F      G
               +--------+--------+--------+--------+--------+-----+--------+
         Total |    333 |    316 |     17 |      0 |    235 |   2 |  166.5 |
       Dungeon |    333 |    316 |     17 |      0 |    235 |   2 |  166.5 |
               +--------+--------+--------+--------+--------+-----+--------+

Top non-repeatable levels by time:
     D:5: 323 daAuts
     D:4: 9 daAuts
